 Dungeon Crawl Stone Soup version 0.22-a0-417-g1387785 (webtiles) character file.

60 Kairos the Chopper (level 3, -1/27 HPs)
             Began as a Demonspawn Gladiator on May 14, 2018.
             Slain by a gnoll (3 damage)
             ... on level 2 of the Dungeon.
             The game lasted 00:01:49 (589 turns).

Kairos the Chopper (Demonspawn Gladiator)            Turns: 589, Time: 00:01:50

Health: -1/27      AC:  4    Str: 15    XL:     3   Next: 80%
Magic:  3/3        EV: 13    Int:  9    God:
Gold:   75         SH:  0    Dex: 14    Spells: 2/2 levels left

rFire    . . .     SeeInvis .   a - +0 war axe
rCold    . . .     Gourm    .   (no shield)
rNeg     . . .     Faith    .   b - +0 leather armour
rPois    .         Spirit   .   c - +0 helmet
rElec    .         Reflect  .   (no cloak)
rCorr    .         Harm     .   (no gloves)
MR       .....                  (no boots)
Stlth    +.........             (no amulet)
HPRegen  0.09/turn              k - ring of flight
MPRegen  0.08/turn              (no ring)

@: no status effects
A: spiny 1
a: Evoke Flight


You were on level 2 of the Dungeon.
You were not hungry.

You visited 1 branch of the dungeon, and saw 2 of its levels.

You collected 75 gold pieces.

Inventory:

Hand Weapons
 a - a +0 war axe (weapon)
Missiles
 d - 3 throwing nets (quivered)
Armour
 b - a +0 leather armour (worn)
 c - a +0 helmet (worn)
Jewellery
 k - a ring of flight (left hand)
Scrolls
 e - a scroll of teleportation {unknown}
 g - 2 scrolls of amnesia {unknown}
 h - a scroll of identify {unknown}
Potions
 i - a potion of flight {unknown}
 j - 2 potions of curing {unknown}
 l - a potion of haste {unknown}
Comestibles
 f - 4 rations


   Skills:
 + Level 2.2 Fighting
 + Level 3.5 Axes
 + Level 1.9 Throwing
 + Level 0.5 Armour
 + Level 3.3 Dodging


You had 2 spell levels left.
You didn't know any spells.
Your spell library was empty.

Dungeon Overview and Level Annotations

Branches:
Dungeon (2/15)

Altars:


Innate Abilities, Weirdness & Mutations

You are partially covered in sharp spines.


Message History

* * * LOW HITPOINT WARNING * * *
You hit the gnoll.
The gnoll is heavily wounded.
The gnoll is struck by your spines. The gnoll closely misses you.
You slash the gnoll!
You kill the gnoll!
You hit the gnoll.
The gnoll is moderately wounded.
The gnoll is struck by your spines. The gnoll barely misses you.
The gnoll is struck by your spines.
The gnoll hits you with a whip of holy wrath.
* * * LOW HITPOINT WARNING * * *
You convulse.
* * * LOW HITPOINT WARNING * * *
You slash the gnoll!
You kill the gnoll!
You closely miss the gnoll. The gnoll closely misses you. x2
You barely miss the gnoll. The gnoll is struck by your spines.
The gnoll hits you.
You die...

#.# #.# #.#
#.# ...# #.#
#..# #.# # #
#..# #.#
#.#.#..# #g#
.##.#.#..# #@#
.........# #.#
.##...#..###.#
.............#
###.##.######
#.##.# #.##.#
#.##.# .
#.##.#


You could see a gnoll.

Vanquished Creatures
  3 gnolls (D:2)
  A worm (D:2)
  A leopard gecko (D:1)
  5 goblins (D:1)
  6 hobgoblins
  4 bats (D:1)
  A frilled lizard (D:1)
  3 kobolds
  3 rats (D:1)
27 creatures vanquished.

Notes
Turn   | Place    | Note
-------+----------+-------------------------------------------
     0 | D:1      | Kairos the Demonspawn Gladiator began the quest for the Orb.
     0 | D:1      | Reached XP level 1. HP: 16/16 MP: 1/1
    88 | D:1      | Gained mutation: You are partially covered in sharp spines. [demonic ancestry]
    88 | D:1      | Reached XP level 2. HP: 14/22 MP: 2/2
   532 | D:2      | Reached XP level 3. HP: 16/27 MP: 3/3
   589 | D:2      | Slain by a gnoll

Vault maps used:
D:1:      roderic_crossed_star
D:2:      minitemple, uniq_sigmund

Skill      XL: |  1  2 |
---------------+-------+-----
Axes           | 3 |  3.5
Dodging        | 3 |  3.3
Fighting       | |  2.2
Throwing       | |  1.9
Armour         | |  0.5

Action                   || total
-------------------------++-------
Melee: War axe           ||    53
Armor: Leather armour    ||     9
Dodge: Dodged            ||    43

Table legend:
 A = Spawn XP
 B = Non-spawn XP
 C = Spawn XP percentage of total XP
 D = Spawn monster count
 E = Non-spawn monster count
 F = Spawn count percentage of total count
 G = Total turns spent on level
                    A         B        C        D         E        F      G
               +---------+---------+-------+---------+---------+-------+---------
         Total |       0 |      86 |   0.0 |       0 |      27 |   0.0 |   589
               +---------+---------+-------+---------+---------+-------+---------
           D:1 |       0 |      35 |   0.0 |       0 |      21 |   0.0 |   492
           D:2 |       0 |      51 |   0.0 |       0 |       6 |   0.0 |    97
               +---------+---------+-------+---------+---------+-------+---------
